 Dungeon Crawl Stone Soup version 0.31-a0-319-g4fced400ed (webtiles) character file.

Game seed: 4892351043837998667

0 Maratek the Changeling (level 1, 17/17 HPs)
             Began as a Draconian Shapeshifter on July 17, 2023.
             Quit the game on level 1 of the Dungeon.
             The game lasted 00:00:43 (203 turns).

Maratek the Changeling (Draconian Shapeshifter)      Turns: 203, Time: 00:00:44

Health: 17/17      AC:  4    Str: 17    XL:     1   Next: 8%
Magic:  1/1        EV: 12    Int:  8    God:
Gold:   0          SH:  0    Dex: 11    Spells: 0/0 levels left

rFire   . .          .
                       - Unarmed
rCold   . . .        (no shield)
rNeg    . . .        (body armour unavailable)
rPois   .            (helmet currently unavailable)
rElec   .            (cloak currently unavailable)
rCorr   .            (gloves currently unavailable)
SInv    .            (boots currently unavailable)
Will    .....        (no amulet)
Stlth   +            (no ring)
HPRegen 0.22/turn    (no ring)
MPRegen 0.07/turn

%: no passive effects
@: beast-form
A: beast (slay +2), AC +4, unfitting armour, cold-blooded
a: Begin Untransformation


You were on level 1 of the Dungeon.
You were a hulking beast.
You visited 1 branch of the dungeon, and saw 1 of its levels.

Inventory:

Talismans
 b - a beast talisman
Scrolls
 d - a scroll of enchant weapon {unknown}
Potions
 a - a potion of lignification
 c - a potion of curing {unknown}


   Skills:
 + Level 2.1 Fighting
 + Level 1.7 Dodging
 + Level 2.0 Unarmed Combat
 + Level 3.0 Shapeshifting


You couldn't memorise any spells.
You didn't know any spells.
Your spell library was empty.

Dungeon Overview and Level Annotations

Branches:
Dungeon (1/15)

Altars:


Innate Abilities, Weirdness & Mutations

You are a hulking beast.
Your limbs bulge with bestial killing power. (Slay +2)
Your plain brown scales are hard. (AC +4)
You cannot fit into any form of body armour.
You are cold-blooded and may be slowed by cold attacks.


Message History

Found a stone staircase leading down.
A bat comes into view.
A bat is nearby!
A bat is nearby!
A bat is nearby!
Sorry, you're not good enough to have a special ability.
There are no items here.
Sorry, you're not good enough to have a special ability.
A bat is nearby!
The bat hits you but does no damage.
Keep transforming yourself?
You begin transforming.
You continue transforming.
The bat hits you.
You continue transforming.
The bat hits you but does no damage.
You continue transforming.
The bat misses you.
You turn into a hulking beast.
You hit the bat.
The bat is severely wounded.
The bat barely misses you. The bat closely misses you.
The bat completely misses you.
You miss the bat.
The bat is severely wounded.
The bat hits you. The bat closely misses you.
You hit the bat.
You kill the bat!
You see here a bat corpse.
You see here a bat corpse.
d - a scroll labelled MODYPP DIACWET A giant cockroach comes into view.
A giant cockroach is nearby!
A giant cockroach is nearby!
A giant cockroach is nearby!
A giant cockroach is nearby!
A giant cockroach is nearby!
Unknown command.
Are you sure you want to abandon this character and quit the game? (Confirm with "yes".)

#.# #.# .......#.# #.#
.......#.# #.#
.....B.#.# #.#
.......#.# #.# .
.....#.# #.# ... ...#.#
#.###########
.#...#.#.###............
.......h..###.#########.
......................#.
..###......♣♣♣♣♣♣♣♣♣..#.
#......♣PP..PP..♣...
#......♣PP..P...♣...
#......♣..PP...P♣...
######.♣..P...PP♣.#.
#.....♣PP.<.P..♣...
#.....♣P...PP..♣..#


You could see a giant cockroach (asleep).

Vanquished Creatures
  A bat (D:1)
1 creature vanquished.

Notes
Turn   | Place    | Note
-------+----------+-------------------------------------------
     0 | D:1      | Maratek the Draconian Shapeshifter began the quest for the
                  | Orb.
     0 | D:1      | Reached XP level 1. HP: 17/17 MP: 1/1
   203 | D:1      | Quit the game

Illustrated notes

Levels and vault maps discovered:
D:1:      scummos_arrival_checkerplants, layout_basic,
          dreamdust_ecumenical_altar_statues

Action                     || total
---------------------------++-------
  Melee: Unarmed           ||     3
Ability: Begin Untransform ||     1
 Armour: Skin              ||     2
  Dodge: Dodged            ||     5
   Form: Beast             ||     1

Table legend: (Time is in decaauts)
 A = Elapsed time spent in this place.
 B = Non-inter-level travel time spent in this place.
 C = Inter-level travel time spent in this place.
 D = Time resting spent in this place.
 E = Time spent auto-exploring this place.
 F = Levels seen in this place.
 G = Mean time per level.
                   A        B        C        D        E       F      G
               +--------+--------+--------+--------+--------+-----+--------+
         Total |    202 |    202 |      0 |      0 |    173 |   1 |  202.0 |
       Dungeon |    202 |    202 |      0 |      0 |    173 |   1 |  202.0 |
               +--------+--------+--------+--------+--------+-----+--------+

Top non-repeatable levels by time:
     D:1: 202 daAuts
